 Dungeon Crawl Stone Soup version 0.30-a0-715-gdb4ae3ece1 (webtiles) character file.

Game seed: 11759272767376287800

1535 Dirtsage the Changer (level 8, -5/57 HPs)
             Began as an Octopode Transmuter on Jan 23, 2023.
             Was a Follower of Elyvilon.
             Killed by nerve-wracking pain
             ... invoked by an orc priest
              (14 damage)
             ... on level 6 of the Dungeon.
             The game lasted 00:08:54 (5348 turns).

Dirtsage the Changer (Octopode Transmuter)          Turns: 5348, Time: 00:08:54

Health: -5/57      AC:  8    Str: 10    XL:     8   Next: 86%
Magic:  7/11       EV: 10    Int: 17    God:    Elyvilon [*.....]
Gold:   233        SH:  0    Dex: 12    Spells: 4/11 levels left

rFire   x . .      SeeInvis .      - Unarmed
rCold   + + +      Faith    .    (shield currently unavailable)
rNeg    . . .      Spirit   .    (helmet currently unavailable)
rPois   +          Reflect  .    (no amulet)
rElec   .          Harm     .    (no ring)
rCorr   .          Rampage  .    (no ring)
Will    .....                    (no ring)
Stlth   +                        (no ring)
HPRegen 0.29/turn                (no ring)
MPRegen 0.12/turn                (no ring)
                                 (no ring)
                                 (no ring)

@: ice-form
A: freezing attack, boosted hp, almost no armour, amphibious, 8 rings, large,
(camouflage 1), (gelatinous body 1), (nimble swimmer 1), (tentacles)
a: End Transformation, Renounce Religion, Purification


You were on level 6 of the Dungeon.
You worshipped Elyvilon.
Elyvilon was aware of your devotion.
You were a creature of crystalline ice.
You visited 1 branch of the dungeon, and saw 6 of its levels.

You collected 233 gold pieces.

Inventory:

Scrolls
 b - 2 scrolls of immolation
 g - a scroll of fear
 t - 2 scrolls of teleportation
 B - a scroll of blinking
Potions
 a - a potion of ambrosia
 c - a potion of cancellation
 d - 2 potions of flight {unknown}
 e - a potion of invisibility {unknown}
 f - a potion of berserk rage
 j - 3 potions of brilliance
 k - 2 potions of attraction
 q - 4 potions of curing


   Skills:
 - Level 1.0 Fighting
 - Level 2.0 Dodging
 - Level 3.0 Unarmed Combat
 - Level 2.0 Spellcasting
 + Level 7.8 Transmutations
 + Level 7.5 Ice Magic


You had 4 spell levels left.
You knew the following spells:

 Your Spells              Type           Power      Damage    Failure   Level
a - Beastly Appendage     Tmut           56%        N/A       1%          1
b - Wereblood             Tmut           28%        N/A       1%          2
c - Ice Form              Ice/Tmut       27%        N/A       9%          4

Your spell library contained the following spells:

 Spells                   Type           Power      Damage    Failure   Level
 Ensorcelled Hibernation  Hex/Ice        28%        N/A       6%          2
 Passwall                 Tmut/Erth      12%        N/A       6%          2
 Spider Form              Tmut/Pois      15%        N/A       12%         3
 Kiss of Death            Conj/Necr      4%         2d5       19%         1
 Slow                     Hex            4%         N/A       19%         1
 Summon Small Mammal      Summ           4%         N/A       19%         1
 Call Canine Familiar     Summ           1%         N/A       50%         3
 Confusing Touch          Hex            1%         N/A       50%         3
 Inner Flame              Hex/Fire       1%         N/A       50%         3
 Summon Guardian Golem    Hex/Summ       1%         N/A       50%         3
 Swiftness                Air            1%         N/A       50%         3
 Vampiric Draining        Necr           1%         2d6       50%         3
 Cause Fear               Hex            0%         N/A       88%         4
 Dispel Undead            Necr           1%         3d6       88%         4
 Dragon Form              Tmut           14%        N/A       100%        7
 Discord                  Hex            0%         N/A       100%        8
 Dragon's Call            Summ           0%         N/A       100%        9


Dungeon Overview and Level Annotations

Branches:
Dungeon (6/15)
 Temple: D:4-7

Altars:
Elyvilon
Makhleb
Ru
Trog
Vehumet


Innate Abilities, Weirdness & Mutations

You are a creature of crystalline ice.
You have a powerful freezing melee attack.
Your maximum health is increased.
Your armour is entirely melded.
You are incapable of wielding weapons or throwing items.
You cannot wear most types of armour.
You are amphibious.
You can wear up to eight rings at the same time.
((Your skin changes colour to match your surroundings (Stealth+).))
((Your rubbery body absorbs attacks. (AC +1, EV +1)))
((You are camouflaged when in or above water. (Stealth+)))
((You have tentacles for arms and can constrict up to eight enemies at once.))


Message History

You hit the adder.
The adder seems to slow down.
You freeze the adder.
The adder is severely wounded.
The adder bites you but does no damage.
You punch the adder!
The adder seems to slow down.
You freeze the adder.
You kill the adder!
No target in view!
Your transformation is almost over.
MP restored: 11 A centaur and an adder come into view.
The centaur shouts!
The centaur wields a +0 shortbow.
The centaur shoots an arrow.
The arrow closely misses you.
An orc priest comes into view. It is wielding a +0 dagger.
The orc priest shouts!
The centaur shoots an arrow.
The arrow hits you.
The centaur shoots an arrow.
The arrow hits you.
You take 11 damage, and have 46/57 hp.
The centaur shoots an arrow.
The arrow hits you.
You warm up again.
The centaur shoots an arrow.
The arrow hits you!
The centaur shoots an arrow.
The arrow hits you!
* * * LOW HITPOINT WARNING * * *
You now have 12/48 hp.
The centaur shoots an arrow.
The arrow hits you!
* * * LOW HITPOINT WARNING * * *
You take 11 damage, and have 1/48 hp.
MASSIVE DAMAGE!!
Casting: Ice Form (dangerous; 9% risk of failure)
Confirm with . or Enter, or press ? or * to list all spells.
You turn into a creature of crystalline ice.
The centaur shoots an arrow.
The arrow hits you. Elyvilon protects you from harm!
You now have 7/11 mp.
It was a potion of curing.
You feel better.
q - 4 potions of curing You regained 7 hp, and now have 8/57 hp.
The centaur shoots an arrow.
The arrow completely misses you.
The centaur shoots an arrow.
The arrow hits you but does no damage.
The orc priest mumbles some strange prayers to Beogh against you.
Pain shoots through your body!
You die...

###............#..#.###
########.....#####.##.#.......
......................####.###
....#.......#.......#...†....
..#......#......#.....##.#.##.
#.....#.....#.....#......#.##.
#....#....#....#.......##.
#o..#...#.o.#...#...#...####.
#..#..#..#..#Y.#..#....#.###..
.# #c#.#.#.#c#.#.#.#.#.#......
#.##.###.##.##.##.#.##.##.# S
( #.###.### #.##.##.# # #
####.## #.......# ###
#........ #....##.† .........
....###.#


You could see a centaur and an orc priest.

Vanquished Creatures
  A wyvern (D:6)
  Eustachio (D:5)
  A steam dragon (D:5)
  Edmund (D:5)
  3 black bears
  A phantom (D:4)
  2 bullfrogs
  A necrophage (D:5)
  2 scorpions
  A crimson imp (D:5)
  2 hounds
  2 orc wizards (D:5)
  3 gnolls (D:3)
  6 adders
  2 shadow imps (D:6)
  A white imp (D:5)
  An ufetubus (D:5)
  A worm (D:2)
  3 dart slugs
  8 orcs
  7 ball pythons
  10 endoplasms
  5 giant cockroaches
  6 goblins
  9 hobgoblins
  5 jackals (D:1)
  3 kobolds
  3 quokkas
  6 bats
  5 frilled lizards
  3 rats (D:1)
105 creatures vanquished.

Vanquished Creatures (others)
  A wizard (D:3)
  A plant (D:5)
2 creatures vanquished.

Grand Total: 107 creatures vanquished

Notes
Turn   | Place    | Note
-------+----------+-------------------------------------------
     0 | D:1      | Dirtsage the Octopode Transmuter began the quest for the
                  | Orb.
     0 | D:1      | Reached XP level 1. HP: 13/13 MP: 3/3
    57 | D:1      | Reached skill level 1 in Ice Magic
    57 | D:1      | Reached XP level 2. HP: 18/18 MP: 5/5
    60 | D:1      | Learned a level 2 spell: Wereblood
   288 | D:1      | Reached XP level 3. HP: 18/23 MP: 3/6
  1220 | D:2      | Reached XP level 4. HP: 24/28 MP: 7/7
  1225 | D:2      | Learned a level 4 spell: Ice Form
  1635 | D:2      | Found a faded altar of an unknown god.
  2031 | D:3      | Reached XP level 5. HP: 33/33 MP: 5/8
  2198 | D:3      | Found a bloodstained altar of Trog.
  2199 | D:3      | Noticed a wizard
  2204 | D:3      | Killed a wizard
  2598 | D:4      | Noticed a phantom
  2600 | D:4      | Found a sacrificial altar of Ru.
  2616 | D:4      | Killed a phantom
  2617 | D:4      | Reached XP level 6. HP: 37/38 MP: 1/9
  3070 | D:4      | Noticed a black bear
  3076 | D:4      | Killed a black bear
  3541 | D:5      | Entered Level 5 of the Dungeon
  3573 | D:5      | Reached skill level 5 in Transmutations
  3616 | D:5      | Found a white marble altar of Elyvilon.
  3684 | D:5      | Became a worshipper of Elyvilon the Healer
  3724 | D:5      | Noticed a black bear
  3732 | D:5      | Killed a black bear
  3733 | D:5      | Reached XP level 7. HP: 43/43 MP: 5/10
  3807 | D:5      | Noticed Eustachio
  3819 | D:5      | Killed Eustachio
  3820 | D:5      | Reached skill level 5 in Ice Magic
  3939 | D:5      | Noticed a steam dragon
  3944 | D:5      | Noticed Edmund
  3946 | D:5      | Killed a steam dragon
  4054 | D:5      | Reached XP level 8. HP: 48/48 MP: 6/11
  4538 | D:5      | Identified the +3 rapier "Lenooff" {venom, rF+ Int-5
                  | Stlth+}
  4630 | D:5      | Killed Edmund
  4813 | D:5      | Found a radiant altar of Vehumet.
  4814 | D:5      | Found a burning altar of Makhleb.
  4908 | D:6      | Reached * piety under Elyvilon
  4964 | D:6      | Noticed a wyvern
  4971 | D:6      | Killed a wyvern
  5343 | D:6      | HP: 1/48 [centaur/arrow (12)]
  5344 | D:6      | Elyvilon protects you from harm!
  5348 | D:6      | Killed from afar by an orc priest

Illustrated notes

Levels and vault maps discovered:
D:1:      lemuel_arrival_funnel, layout_loops_ring
D:2:      layout_loops_ring, shapermc_ecumenical_altar_mp_urbaneastern,
          skrybe_limestone_x
D:3:      layout_loops_cross, trog_wizard, minmay_cut_off
D:4:      layout_basic, mainiacjoe_overflow_tiny_flanked
D:5:      layout_basic, grunt_temple_overflow_lords_of_destruction,
          nicolae_elyvilon_temple_path, uniq_edmund, uniq_eustachio
D:6:      minmay_diamond_boxcup, layout_loops_cross,
          minmay_temple_entry_nine_rooms, minmay_increasing_density,
          uniq_crazy_yiuf_cottage, uniq_duvessa

Skill      XL: |  1  2  3  4  5  6  7  8 |
---------------+-------------------------+-----
Ice Magic      | 1 2 3 4 6 7 |  7.5
Transmutations | 3 4 5 6 7 |  7.8
Fighting       | |  1.0
Dodging        | |  2.0
Unarmed Combat | |  3.0
Spellcasting   | |  2.0

Action                     |  1- 3 |  4- 6 |  7- 9 || total
---------------------------+-------+-------+-------++-------
  Melee: Unarmed           |    95 |    76 |    98 ||   269
         Constrict         |    25 |    14 |     8 ||    47
         Tentacles         |    17 |    11 |    10 ||    38
         Punch             |     7 |       |     1 ||     8
         Kick              |    17 |     8 |       ||    25
   Cast: Beastly Appendage |    13 |     4 |       ||    17
         Wereblood         |     4 |     1 |     1 ||     6
         Ice Form          |       |     3 |    10 ||    13
    Use: Scroll            |       |     9 |     4 ||    13
         Potion            |       |       |     2 ||     2
   Stab: Sleeping          |     5 |     3 |       ||     8
 Armour: Skin              |    10 |    13 |    25 ||    48
  Dodge: Dodged            |    71 |    40 |    45 ||   156

Table legend: (Time is in decaauts)
 A = Elapsed time spent in this place.
 B = Non-inter-level travel time spent in this place.
 C = Inter-level travel time spent in this place.
 D = Time resting spent in this place.
 E = Time spent auto-exploring this place.
 F = Levels seen in this place.
 G = Mean time per level.
                   A        B        C        D        E       F      G
               +--------+--------+--------+--------+--------+-----+--------+
         Total |   5332 |   5111 |    221 |    115 |   4221 |   6 |  888.7 |
       Dungeon |   5332 |   5111 |    221 |    115 |   4221 |   6 |  888.7 |
               +--------+--------+--------+--------+--------+-----+--------+

Top non-repeatable levels by time:
     D:5: 1300 daAuts
     D:4: 1075 daAuts
     D:1: 855 daAuts
     D:3: 835 daAuts
     D:2: 828 daAuts
     D:6: 438 daAuts
